 Dungeon Crawl Stone Soup version 0.27-a0-1051-g288ea87c7c (webtiles) character file.

Game seed: 15018611298066372431

17324 gimp the Covert (level 12, -22/76 HPs)
             Began as a Djinni Wanderer on Apr 21, 2021.
             Was a Priest of Makhleb.
             Annihilated by a two-headed ogre
             ... wielding a +0 giant spiked club
              (24 damage)
             ... on level 12 of the Dungeon.
             The game lasted 00:48:12 (20188 turns).

gimp the Covert (Djinni Wanderer)                  Turns: 20188, Time: 00:48:12

Health: -22/76     AC: 10    Str: 11    XL:     12   Next: 46%
Gold:   915        EV: 15    Int: 30    God:    Makhleb [***...] SH:  0 Dex: 14

rFire    + + .     SeeInvis .   a - +2 dagger (protect)
rCold    x . .     Faith    .   (no shield)
rNeg     . . .     Spirit   .   J - +0 acid dragon scales
rPois    ∞         Reflect  .   k - +1 helmet
rElec    .         Harm     .   y - +0 cloak
rCorr    +         Rampage  .   e - +0 pair of gloves
Will     +....                  (boots unavailable)
Stlth    ++++......             (no amulet)
HPRegen  0.22/turn              E - +6 ring of intelligence
MPRegen  0.00/turn              I - +6 ring of intelligence

@: flying, slowed, very slow
A: fire resistance 2, cold vulnerability 1, float, innate caster, hp casting,
extra vitality 1
a: Renounce Religion, Minor Destruction, Lesser Servant of Makhleb


You were on level 12 of the Dungeon.
You worshipped Makhleb.
Makhleb was most pleased with you.
You visited 2 branches of the dungeon, and saw 13 of its levels.
You also visited: Bailey.

You collected 1084 gold pieces.
You spent 169 gold pieces at shops.

Inventory:

Hand Weapons
 a - a +2 dagger of protection (weapon)
 p - a +3 spear
 v - a +0 vorpal rapier
Missiles
 g - 8 throwing nets
 w - 2 atropa-tipped darts
 z - 3 curare-tipped darts
 L - 21 poisoned darts
Armour
 e - a +0 pair of gloves (worn)
 k - a +1 helmet (worn)
 l - +0 steam dragon scales
 y - a +0 cloak (worn)
 C - a +2 robe of fire resistance
 J - +0 acid dragon scales (worn)
 M - a +0 kite shield
Magical Staves
 b - a staff of conjuration
Jewellery
 E - a +6 ring of intelligence (left hand)
 H - a ring of wizardry
 I - a +6 ring of intelligence (right hand)
 N - a ring of willpower
Wands
 d - a wand of iceblast (22)
 t - a wand of flame (10)
 G - a wand of mindburst (4)
 K - a wand of acid (6)
Scrolls
 f - a scroll of fear
 o - 4 scrolls of blinking
 r - 2 scrolls of enchant weapon
 B - a scroll of teleportation
 D - 2 scrolls of enchant armour
Potions
 h - 2 potions of mutation
 i - 10 potions of curing
 j - 4 potions of invisibility
 m - 2 potions of might
 n - a potion of lignification
 q - 3 potions of ambrosia
 s - 2 potions of heal wounds
 u - 4 potions of attraction
 x - 2 potions of resistance
 A - a potion of haste
 F - 2 potions of brilliance
Miscellaneous
 c - a piece from Xom's chessboard (15/15)


   Skills:
 - Level 3.0 Fighting
 - Level 8.0 Short Blades
 - Level 1.0 Bows
 - Level 1.0 Armour
 + Level 9.1 Dodging
 + Level 9.3 Stealth
 - Level 9.1 Spellcasting
 + Level 8.3 Invocations
 - Level 1.0 Evocations


You had 2 spell levels left.
You knew the following spells:

 Your Spells              Type           Power      Damage    Failure   Level
a - Magic Dart            Conj           100%       1d8       1%          1
b - Blink                 Tloc           N/A        N/A       1%          2
c - Call Imp              Summ           62%        N/A       1%          2
d - Slow                  Hex            62%        N/A       1%          2
e - Conjure Flame         Conj/Fire      62%        6-21      1%          3
f - Mephitic Cloud        Conj/Pois/Air  62%        N/A       1%          3
g - Foxfire               Conj/Fire      100%       2x1d9     1%          1
h - Wereblood             Tmut           62%        N/A       1%          2
i - Swiftness             Air            62%        N/A       1%          3
j - Fulminant Prism       Conj/Hex       31%        3d16      1%          4
k - Airstrike             Air            31%        N/A       1%          4
Your spell library was empty.

Dungeon Overview and Level Annotations

Branches:
Dungeon (12/15)            Temple (1/1) D:5            Lair (0/6) D:11
    Orc (0/2) D:10         Bailey (visited)

Altars:
Ashenzari
Cheibriados
Dithmenos
Elyvilon
Fedhas
Gozag
Hepliaklqana
Kikubaaqudgha
Makhleb
Nemelex Xobeh
Okawaru
Qazlal
Ru
Sif Muna
Trog
Uskayaw
Vehumet
Wu Jian
Xom
Yredelemnul
Zin
The Shining One

Shops:
D:9 !


Innate Abilities, Weirdness & Mutations

You are immune to poison.
Your flesh is very heat resistant. (rF++)
You are vulnerable to cold. (rC-)
You float through the air rather than walking.
You learn spells naturally, not from books.
Your magical power is your life essence.
You have superior vitality. (+4 HP)


Message History

Casting: Airstrike (dangerous; 1% risk of failure)
Confirm with . or Enter, or press ? or * to list all spells.
Aiming: Airstrike (dangerous; 1% risk of failure)
Press: ? - help, Dir - move target, f/p - wraith
Aim: a wraith (almost destroyed)
The air twists around and strikes the wraith.
The wraith is almost destroyed.
The wraith hits you! The wraith drains your vigour!
You feel yourself slow down.
You take 14 damage, and have 48/76 hp.
Casting: Airstrike (dangerous; 1% risk of failure)
Confirm with . or Enter, or press ? or * to list all spells.
Aiming: Airstrike (dangerous; 1% risk of failure)
Press: ? - help, Dir - move target, f/p - wraith
Aim: a wraith (almost destroyed)
The air twists around and strikes the wraith.
The wraith is almost destroyed.
The wraith hits you. The wraith closely misses you.
You take 5 damage, and have 43/76 hp.
The wraith misses you.
Casting: Airstrike (dangerous; 1% risk of failure)
Confirm with . or Enter, or press ? or * to list all spells.
Aiming: Airstrike (dangerous; 1% risk of failure)
Press: ? - help, Dir - move target, f/p - wraith
Aim: a wraith (almost destroyed)
Okay, then.
Casting: Airstrike (dangerous; 1% risk of failure)
Confirm with . or Enter, or press ? or * to list all spells.
Aiming: Airstrike (dangerous; 1% risk of failure)
Press: ? - help, Dir - move target, f/p - wraith
Aim: a wraith (almost destroyed)
The air twists around and strikes the wraith!
You destroy the wraith!
Makhleb accepts your kill.
The gargoyle hurls a stone arrow at you.
The stone arrow hits you!
The two-headed ogre hits you with a +0 giant spiked club!!
* * * LOW HITPOINT WARNING * * *
The two-headed ogre hits you with a +0 giant club!!
You die...

#.W#..9.J.W.
#..#.#####.#
#..#(# ##W#.#
##.#.# #..#.#
#9.#.#
##########O##.#
#........@.#
#........###
#......###
#...####
#...### #..<..#
##.......#
##........
##.....##


You could see a two-headed ogre, a gargoyle and a shadow.

Vanquished Creatures
  A hydra (D:11)
  6 two-headed ogres
  A tengu warrior (D:11)
  Urug (D:11)
  2 cyclopes
  A gargoyle (D:11)
  Maggie (D:7)
  2 trolls
  2 hornets
  2 dream sheep (D:11)
  Sigmund (D:3)
  13 yaks
  3 wyverns
  2 wraiths
  A steam dragon (D:6)
  2 vampire mosquitoes (D:10)
  Duvessa (D:4)
  Edmund (D:6)
  4 water moccasins
  2 acid dragons
  4 orc warriors
  A sky beast (D:6)
  An ice beast (D:8)
  3 black bears
  A necrophage (D:6)
  5 centaurs
  5 ogres
  2 phantoms
  2 bullfrogs (D:11)
  12 kobold brigands
  14 gnoll sergeants
  A scorpion (D:10)
  A water moccasin zombie (D:6)
  Dowan (D:4)
  A water moccasin skeleton (D:6)
  7 killer bees
  5 wights (D:8)
  A howler monkey (D:8)
  4 centaur zombies
  6 hounds
  7 gnoll shamans
  2 jellies (D:5)
  An orc priest (D:4)
  2 centaur skeletons
  2 iguanas
  Ijyb (D:3)
  2 orc wizards
  2 hound skeletons
  A howler monkey zombie (D:9)
  A howler monkey skeleton (D:5)
  5 adders
  20 gnolls
  A shadow imp (D:5)
  2 white imps (D:5)
  An adder skeleton (D:4)
  3 worms
  A dart slug (D:3)
  20 orcs
  6 bats
  12 endoplasms
  4 giant cockroaches
  8 goblins
  21 hobgoblins
  13 jackals
  4 quokkas
  6 ball pythons
  8 frilled lizards
  21 kobolds
  9 rats
312 creatures vanquished.

Vanquished Creatures (collateral kills)
  A two-headed ogre (D:10)
  A black bear (D:5)
  A necrophage (D:4)
  2 gnolls (D:10)
  A dart slug (D:5)
6 creatures vanquished.

Vanquished Creatures (others)
  A centaur (D:9)
  4 fulminant prisms
  10 fungi (D:11)
  26 plants
41 creatures vanquished.

Grand Total: 359 creatures vanquished

Notes
Turn   | Place    | Note
-------+----------+-------------------------------------------
     0 | D:1      | gimp the Djinni Wanderer began the quest for the Orb.
     0 | D:1      | Reached XP level 1. HP: 17/17 MP: 0/0
   215 | D:1      | Reached XP level 2. HP: 16/22 MP: 0/0
  1069 | D:1      | Reached XP level 3. HP: 26/28 MP: 0/0
  1069 | D:1      | Learned a level 1 spell: Foxfire
  1928 | D:1      | Reached skill level 5 in Spellcasting
  2235 | D:2      | Reached XP level 4. HP: 33/34 MP: 0/0
  3123 | D:3      | Found a hide-covered altar of Uskayaw.
  3123 | D:3      | Noticed a +0 dagger
  3123 | D:3      | Noticed a +0 falchion
  3124 | D:3      | Noticed a +0 dagger
  3131 | D:3      | Noticed a +0 short sword
  3239 | D:3      | Noticed a +0 falchion
  3239 | D:3      | Noticed a +0 short sword
  3240 | D:3      | Noticed a +0 spear
  3240 | D:3      | Noticed a +0 spear
  3432 | D:3      | Reached XP level 5. HP: 36/40 MP: 0/0
  3432 | D:3      | Learned a level 2 spell: Wereblood
  3448 | D:3      | Reached skill level 1 in Short Blades
  3608 | D:3      | Noticed Ijyb
  3640 | D:3      | Killed Ijyb
  3812 | D:3      | Noticed Sigmund
  3838 | D:3      | Killed Sigmund
  3839 | D:3      | Reached XP level 6. HP: 27/46 MP: 0/0
  3988 | D:3      | Found a faded altar of an unknown god.
  4873 | D:4      | Noticed a necrophage
  4904 | D:4      | Killed a necrophage
  4905 | D:4      | Reached XP level 7. HP: 33/50 MP: 0/0
  4905 | D:4      | Learned a level 3 spell: Swiftness
  5243 | D:4      | Found a hazy altar of Hepliaklqana.
  5811 | D:4      | Noticed Duvessa
  5814 | D:4      | Noticed Dowan
  5825 | D:4      | Killed Dowan
  5831 | D:4      | Killed Duvessa
  6148 | D:4      | Reached XP level 8. HP: 34/56 MP: 0/0
  6669 | D:5      | Entered Level 5 of the Dungeon
  6704 | D:5      | Reached skill level 5 in Short Blades
  7103 | D:5      | Found a staircase to the Ecumenical Temple.
  7229 | Temple   | Entered the Ecumenical Temple
  7622 | Temple   | Became a worshipper of Makhleb the Destroyer
  7881 | D:5      | Found a broken altar of Ashenzari.
  9151 | D:6      | Reached XP level 9. HP: 51/60 MP: 0/0
  9151 | D:6      | Learned a level 4 spell: Fulminant Prism
  9481 | D:6      | Found an opulent altar of Gozag.
  9487 | D:6      | Found an iron altar of Okawaru.
  9780 | D:6      | Noticed Edmund
  9788 | D:6      | Killed Edmund
 10339 | D:7      | Reached * piety under Makhleb
 10804 | D:7      | Noticed Maggie
 10817 | D:7      | Killed Maggie
 12054 | D:8      | Reached XP level 10. HP: 40/67 MP: 0/0
 12304 | D:8      | Found a stormy altar of Qazlal.
 12383 | D:8      | Reached skill level 5 in Stealth
 12457 | D:8      | Reached skill level 1 in Dodging
 12523 | D:8      | Reached skill level 1 in Invocations
 12733 | D:8      | Noticed a two-headed ogre
 12746 | D:8      | Reached ** piety under Makhleb
 12756 | D:8      | Killed a two-headed ogre
 13019 | D:9      | Found a flagged portal.
 13034 | Bailey   | Entered a bailey
 13503 | Bailey   | Identified the +11 arbalest of Currency {flame, Contam
                  | rPois Stlth+}
 13700 | Bailey   | Reached *** piety under Makhleb
 14209 | D:9      | Found Hofeugah's Distillery.
 14219 | D:9      | Bought a potion of brilliance for 52 gold pieces
 14219 | D:9      | Bought a potion of curing for 39 gold pieces
 14219 | D:9      | Bought a potion of curing for 39 gold pieces
 14219 | D:9      | Bought a potion of curing for 39 gold pieces
 14247 | D:9      | Reached XP level 11. HP: 59/71 MP: 0/0
 14247 | D:9      | Learned a level 4 spell: Airstrike
 14258 | D:9      | Reached skill level 5 in Dodging
 14649 | D:9      | Reached skill level 5 in Invocations
 14662 | D:9      | Noticed a cyclops
 15178 | D:9      | Killed a cyclops
 15716 | D:10     | Entered Level 10 of the Dungeon
 15783 | D:10     | Noticed a two-headed ogre
 15868 | D:10     | Noticed a two-headed ogre
 16216 | D:10     | Killed a two-headed ogre
 16524 | D:10     | Noticed a two-headed ogre
 16609 | D:10     | Killed a two-headed ogre
 16884 | D:10     | Found a staircase to the Orcish Mines.
 17329 | D:10     | Found a snail-covered altar of Cheibriados.
 17999 | D:11     | Noticed a two-headed ogre
 18014 | D:11     | Killed a two-headed ogre
 18014 | D:11     | Reached **** piety under Makhleb
 18266 | D:11     | Noticed Urug
 18295 | D:11     | Noticed a tengu warrior
 18349 | D:11     | Noticed a two-headed ogre
 18350 | D:11     | Killed a two-headed ogre
 18367 | D:11     | Reached XP level 12. HP: 71/76 MP: 0/0
 18395 | D:11     | Noticed a two-headed ogre
 18626 | D:11     | Killed Urug
 18771 | D:11     | Killed a two-headed ogre
 19033 | D:11     | Killed a tengu warrior
 19287 | D:10     | Killed a two-headed ogre
 19764 | D:11     | Found a staircase to the Lair.
 19813 | D:11     | Noticed a three-headed hydra
 19887 | D:11     | Killed a three-headed hydra
 20176 | D:12     | Noticed a two-headed ogre
 20188 | D:12     | HP: 2/76 [two-headed ogre/+0 giant spiked club (27)]
 20188 | D:12     | Annihilated by a two-headed ogre

Illustrated notes

Levels and vault maps discovered:
D:1:      tarquinn_simple_flora_water_f, layout_basic,
          chequers_serial_rivers_micro_e, minivault_4, roderic_serpentine_path,
          minmay_crystal_room, dk_noncrumbling_2, minmay_pentomino_q4
D:2:      layout_basic
D:3:      minmay_bubble_buster, layout_basic, nicolae_uskayaw_en_pointe,
          ebering_ecumenical_altar_sacrificial, minmay_randomly_rotated_circles,
          uniq_sigmund, uniq_ijyb
D:4:      layout_loops_ring, kennysheep_mini, uniq_duvessa
D:5:      layout_basic, cheibrodos_ashenzari_chains,
          minmay_temple_entry_gardened_gates, minmay_misc_feat_hallway,
          lexackson_kobold_supper
D:6:      layout_loops_ring, kennysheep_little_box,
          grunt_temple_overflow_diamond, uniq_edmund
D:7:      layout_cave_pools, uniq_maggie
D:8:      layout_basic, overflow_temple_1_default
D:9:      minmay_opposing_rooms, layout_basic, enter_bailey_3, serial_shops,
          shop
D:10:     layout_stronghold, overflow_temple_1_default,
          kennysheep_orc_monster_closet_entryway
D:11:     layout_rooms, grunt_lair_entry_orc_guard_hut, hangedman_ranch
          [blue_anna_fruit_fields], uniq_urug
D:12:     minmay_the_grid_3x3 [minmay_the_grid_rooms,
          minmay_the_grid_minigrid_large, minmay_the_grid_pillar_ring,
          minmay_the_grid_slots, minmay_the_grid_all_tris,
          minmay_the_grid_aliased_spiral, minmay_the_grid_fan,
          minmay_the_grid_plusring, minmay_the_grid_prize_big_room],
          layout_layer_cave, serial_shops, shop_coins
Temple:   oiseaux_autumnal_temple

Skill      XL: |  1  2  3  4  5  6  7  8  9 10 11 12 |
---------------+-------------------------------------+-----
Fighting       | 2 3 |  3.0
Spellcasting   | 5 6 8 9 |  9.1
Short Blades   | 2 3 4 6 7 8 |  8.0
Stealth        | 4 6 8 9 |  9.3
Dodging        | 4 7 9 |  9.1
Invocations    | 4 7 8 |  8.3
Bows           | |  1.0
Armour         | |  1.0
Evocations     | |  1.0

Action                   |  1- 3 |  4- 6 |  7- 9 | 10-12 || total
-------------------------+-------+-------+-------+-------++-------
Melee: Dagger            |     3 |    41 |   194 |   500 ||   738
 Cast: Magic Dart        |   102 |   137 |   240 |    96 ||   575
       Mephitic Cloud    |       |     5 |    25 |    87 ||   117
       Conjure Flame     |       |     2 |     3 |       ||     5
       Call Imp          |       |     1 |     8 |    17 ||    26
       Fulminant Prism   |       |       |     1 |     3 ||     4
       Blink             |       |       |     1 |     4 ||     5
       Airstrike         |       |       |       |    28 ||    28
Invok: Lesser Servant of |       |       |       |     1 ||     1
Evoke: Wand              |       |     1 |    10 |    11 ||    22
       Piece from Xom's  |       |       |     3 |     1 ||     4
  Use: Scroll            |       |     2 |    17 |     6 ||    25
 Stab: Sleeping          |     1 |     1 |     1 |     3 ||     6
       Confused          |       |     2 |    17 |    66 ||    85
       Distracted        |       |       |       |     1 ||     1
Armor: Robe              |     6 |    13 |    32 |       ||    51
       Steam dragon scal |       |       |    59 |   101 ||   160
       Acid dragon scale |       |       |       |    11 ||    11
Dodge: Dodged            |     8 |    38 |   141 |   288 ||   475

Table legend: (Time is in decaauts)
 A = Elapsed time spent in this place.
 B = Non-inter-level travel time spent in this place.
 C = Inter-level travel time spent in this place.
 D = Time resting spent in this place.
 E = Time spent auto-exploring this place.
 F = Levels seen in this place.
 G = Mean time per level.
                   A        B        C        D        E       F      G
               +--------+--------+--------+--------+--------+-----+--------+
         Total |  19931 |  19325 |    606 |   1742 |  14422 |  14 | 1423.6 |
       Dungeon |  18496 |  17960 |    536 |   1656 |  13424 |  12 | 1541.3 |
        Temple |    426 |    356 |     70 |      0 |    354 |   1 |  426.0 |
        Bailey |   1007 |   1007 |      0 |     86 |    644 |   1 | 1007.0 |
               +--------+--------+--------+--------+--------+-----+--------+

Top non-repeatable levels by time:
    D:10: 2476 daAuts
     D:4: 2047 daAuts
     D:1: 2020 daAuts
     D:9: 1963 daAuts
     D:5: 1709 daAuts
     D:3: 1687 daAuts
     D:6: 1616 daAuts
    D:11: 1559 daAuts
     D:8: 1398 daAuts
     D:2: 1057 daAuts
  Bailey: 1007 daAuts
     D:7: 916 daAuts
  Temple: 426 daAuts
    D:12: 42 daAuts
